AoeStats
← dekam34

Arabia

505957211Analyzed
1v1 RM · 21d ago on Sep 11, 2026· 48m 34s· 2 players
Game mode
Random Map
Map size
Tiny (2 player)
Population
200
Speed
Normal
Resources
Standard
Victory
Conquest
Starting age
Dark Age
Ending age
Imperial Age
RankedLock teamsTeams togetherTeam positionsShared explorationLock speedFull tech treeHidden civsTurbo modeCheats
Victory
Defeat
🇦🇷 Saracens · Argentina
711
+14
🇺🇸 Vietnamese · United States
669
-14
Tuccini King
11:58 Feudal Age
13:00 Man-at-Arms
13:54 Forging
15:19 Scale Mail Armor
22:06 Castle Age
20:45 Bloodlines
22:17 Scale Barding Armor
24:12 Husbandry
24:31 Double-Bit Axe
26:09 Iron Casting
29:42 Light Cavalry
30:55 Horse Collar
32:26 Squires
32:38 Bow Saw
40:34 Imperial Age
dekam34
10:08 Feudal Age
10:54 Double-Bit Axe
10:53 Horse Collar
21:04 Castle Age
22:25 Fletching
24:05 Bow Saw
24:39 Crossbowman
28:22 Forging
29:31 Padded Archer Armor
33:19 Wheelbarrow
32:44 Gold Mining
32:47 Town Watch
40:55 Imperial Age
44:11 Bodkin Arrow
48:03 Murder Holes
48:59 Bracer
Connection lost

Rejoining the realm…

Still unreachable

The connection could not be restored.

Session expired

The server has moved on; the page needs a fresh start.